 Dungeon Crawl Stone Soup version 0.29-a0-664-gff9cad4a3d (webtiles) character file.

Game seed: 13628964114729574144

69 RancidPinata the Sneak (level 4, -9/29 HPs)
             Began as a Gargoyle Delver on June 22, 2022.
             Was an Initiate of Okawaru.
             Mangled by a gnoll
             ... wielding a +0 spear
              (10 damage)
             ... on level 2 of the Dungeon.
             The game lasted 00:08:56 (3304 turns).

RancidPinata the Sneak (Gargoyle Delver)            Turns: 3304, Time: 00:08:57

Health: -9/29      AC: 10    Str: 17    XL:     4   Next: 20%
Magic:  4/4        EV:  9    Int: 11    God:    Okawaru [......]
Gold:   147        SH:  7    Dex: 11    Spells: 3/3 levels left

rFire   . . .      SeeInvis .   v - +0 flail
rCold   . . .      Faith    .   n - +0 kite shield
rNeg    + . .      Spirit   .   o - +1 ring mail {Will+}
rPois   ∞          Reflect  .   (no helmet)
rElec   +          Harm     .   (no cloak)
rCorr   .          Rampage  .   (no gloves)
Will    +....                   k - +0 pair of boots
Stlth   ++........              (no amulet)
HPRegen 0.09/turn               (no ring)
MPRegen 0.09/turn               (no ring)

@: no status effects
A: sickness immunity, AC +3, negative energy resistance 1, electricity
resistance, torment resistance 1, petrification resistance
a: Renounce Religion


You were on level 2 of the Dungeon.
You worshipped Okawaru.
Okawaru was noncommittal.
You visited 2 branches of the dungeon, and saw 6 of its levels.

You collected 147 gold pieces.

Inventory:

Hand Weapons
 v - a +0 flail (weapon)
Missiles
 i - 4 poisoned darts (quivered)
 j - 30 stones
Armour
 k - a +0 pair of boots (worn)
 n - a +0 kite shield (worn)
 o - a +1 ring mail of willpower (worn)
Wands
 g - a wand of digging (3)
 p - a wand of paralysis (13)
Scrolls
 c - a scroll of fog
 d - a scroll of magic mapping
 h - 2 scrolls of teleportation {unknown}
 l - 4 scrolls of identify {unknown}
 q - 3 scrolls of blinking {unknown}
 s - a scroll of immolation {unknown}
 t - a scroll of brand weapon {unknown}
 u - a scroll of poison {unknown}
Potions
 b - a potion of heal wounds {unknown}
 e - a potion of brilliance {unknown}
 f - a potion of haste
 r - 2 potions of mutation {unknown}


   Skills:
 * Level 4.0 Fighting
 * Level 2.8 Maces & Flails
 + Level 2.0 Dodging
 + Level 5.8 Stealth
 + Level 0.8 Shields


You had 3 spell levels left.
You didn't know any spells.
Your spell library was empty.

Dungeon Overview and Level Annotations

Branches:
Dungeon (6/15)             Temple (1/1) D:6

Altars:
Ashenzari
Cheibriados
Dithmenos
Elyvilon
Gozag
Hepliaklqana
Kikubaaqudgha
Makhleb
Nemelex Xobeh
Okawaru
Qazlal
Ru
Trog
Vehumet
Xom


Innate Abilities, Weirdness & Mutations

You are immune to sickness and miasma.
Your stone body is resilient. (AC +3)
You are immune to poison.
You resist negative energy. (rN+)
You are resistant to electric shocks. (rElec)
You are resistant to unholy torment.
You are immune to petrification.


Message History

r - Retreat! s - Stop attacking. g - Guard the area. f - Follow me.
Anything else - Cancel.
You shout for attention!
You hear a shout!
What are your orders? t - Shout!
Orders for allies: a - Attack new target. r - Retreat! s - Stop attacking. g - Guard the area. f - Follow me.
Anything else - Cancel.
You shout for attention!
You block the gnoll's attack.
You barely miss the gnoll.
The gnoll drinks a potion.
The gnoll seems to grow stronger.
You block the gnoll's attack.
You barely miss the gnoll. The gnoll hits you with a +0 spear.
You hit the gnoll but do no damage. The gnoll misses you.
The gnoll hits you with a +0 spear!
You hit the gnoll but do no damage. You block the gnoll's attack.
You closely miss the gnoll. You block the gnoll's attack.
You hit the gnoll but do no damage. The gnoll hits you with a +0 spear!
* * * LOW HITPOINT WARNING * * *
You block the gnoll's attack.
You hit the gnoll.
The gnoll is heavily wounded.
The gnoll hits you with a +0 spear.
* * * LOW HITPOINT WARNING * * *
As you read the scroll labelled ROIMANA ZURUDGH, it crumbles to dust.
You hear a loud clanging noise!
It was a scroll of noise.
The gnoll barely misses you.
It was a potion of curing.
You feel better. The gnoll hits you with a +0 spear.
You closely miss the gnoll.
The gnoll is heavily wounded.
The gnoll hits you with a +0 spear.
* * * LOW HITPOINT WARNING * * *
The gnoll hits you with a +0 spear!
* * * LOW HITPOINT WARNING * * *
You hit the gnoll but do no damage.
The gnoll is heavily wounded.
The gnoll hits you with a +0 spear!
You die...

......####......####.########
.....#####.##..####..###....#
............................#
#......##<##..#####.###.....#
................# #..##.....###
....#..#####.##.###...........#
.............#................#
.....#..>.....)...............#
...............g@.............#
....#.........................#
....##...........)............#
....##........................#
.....#...)...................##
###^.........................#
##...........#...............#
#.....####...###............##
..#....<....................##


You could see a gnoll (strong).

Vanquished Creatures
  2 gnolls (D:2)
  An adder (D:5)
  2 worms
  3 ball pythons
  4 bats (D:3)
  4 endoplasms
  A giant cockroach (D:2)
  A goblin (D:3)
  A hobgoblin (D:2)
  3 jackals (D:3)
  5 kobolds
  3 quokkas (D:2)
  2 rats
32 creatures vanquished.

Notes
Turn   | Place    | Note
-------+----------+-------------------------------------------
     0 | D:5      | RancidPinata the Gargoyle Delver began the quest for the
                  | Orb.
     0 | D:5      | Reached XP level 1. HP: 14/14 MP: 1/1
    35 | D:6      | Found a staircase to the Ecumenical Temple.
    42 | D:6      | Noticed a centaur
    44 | Temple   | Entered the Ecumenical Temple
   378 | Temple   | Became a worshipper of Warmaster Okawaru
   452 | D:6      | Noticed a phantom
   481 | D:6      | Noticed an ogre
   531 | D:5      | Noticed a hound
   660 | D:5      | Reached XP level 2. HP: 10/19 MP: 2/2
   690 | D:5      | Noticed an ice beast
   884 | D:4      | Noticed an ogre
   974 | D:3      | Found a bloodstained altar of Trog.
  1253 | D:3      | Reached XP level 3. HP: 16/24 MP: 3/3
  1431 | D:3      | Found a stormy altar of Qazlal.
  1752 | D:3      | Found a sacrificial altar of Ru.
  2816 | D:2      | Reached XP level 4. HP: 16/29 MP: 4/4
  3303 | D:2      | HP: 1/29 [gnoll/+0 spear (7)]
  3304 | D:2      | Mangled by a gnoll

Illustrated notes

Levels and vault maps discovered:
D:2:      layout_rooms
D:3:      layout_basic, grunt_qazlal_sundering, bloody_trog,
          nicolae_ru_the_path_less_chosen, hex_tiny
D:4:      corexii_shack_village, layout_basic, lemuel_tele_altar, fedhas_altar_4
D:5:      layout_basic, uniq_eustachio, uniq_ijyb, uniq_edmund, uniq_menkaure
D:6:      layout_basic, minmay_temple_entry_gardened_gates, uniq_grinder
Temple:   minmay_temple_forest_path

Skill      XL: |  1  2  3 |
---------------+----------+-----
Fighting       | 4 |  4.0
Dodging        | 2 |  2.0
Maces & Flails | |  2.8
Stealth        | |  5.8
Shields        | |  0.8

Action                   |  1- 3 |  4- 6 || total
-------------------------+-------+-------++-------
Melee: Mace              |    79 |       ||    79
       Flail             |    26 |    32 ||    58
  Use: Scroll            |     1 |     1 ||     2
       Potion            |       |     1 ||     1
 Stab: Sleeping          |    10 |       ||    10
Armor: Leather armour    |    31 |       ||    31
       Ring mail         |    15 |    18 ||    33
Dodge: Dodged            |    59 |     8 ||    67
Block: Kite shield       |    33 |    12 ||    45

Table legend: (Time is in decaauts)
 A = Elapsed time spent in this place.
 B = Non-inter-level travel time spent in this place.
 C = Inter-level travel time spent in this place.
 D = Time resting spent in this place.
 E = Time spent auto-exploring this place.
 F = Levels seen in this place.
 G = Mean time per level.
                   A        B        C        D        E       F      G
               +--------+--------+--------+--------+--------+-----+--------+
         Total |   3362 |   3275 |     87 |    937 |   1229 |   6 |  560.3 |
       Dungeon |   2996 |   2951 |     45 |    937 |    936 |   5 |  599.2 |
        Temple |    365 |    323 |     42 |      0 |    293 |   1 |  365.0 |
               +--------+--------+--------+--------+--------+-----+--------+

Top non-repeatable levels by time:
     D:3: 1254 daAuts
     D:2: 1191 daAuts
  Temple: 365 daAuts
     D:4: 212 daAuts
     D:5: 186 daAuts
     D:6: 152 daAuts
